 Dungeon Crawl Stone Soup version 0.19.4-8-ga85b6b9 (webtiles) character file.

441 Naow the Caller (level 6, -8/32 HPs)
             Began as a Deep Elf Summoner on Feb 10, 2017.
             Was an Initiate of Sif Muna.
             Shot with an arrow by a centaur (14 damage)
             ... on level 5 of the Dungeon.
             The game lasted 00:14:56 (6829 turns).

Naow the Caller (Deep Elf Summoner)                 Turns: 6829, Time: 00:14:57

Health: -8/32      AC:  2    Str:  5    XL:     6   Next: 71%
Magic:  9/16       EV: 13    Int: 22    God:    Sif Muna [......]
Gold:   237        SH:  0    Dex: 15    Spells: 4 memorised, 6 levels left

rFire  . . .     SeeInvis .     H - +1 dagger (drain)
rCold  . . .     Gourm    .     a - +0 robe
rNeg   . . .     Faith    .     (no shield)
rPois  .         Spirit   .     (no helmet)
rElec  .         Reflect  .     (no cloak)
rCorr  .         Harm     .     (no gloves)
MR     .....                    (no boots)
Stlth  ++........               (no amulet)
                                n - ring of flight
                                (no ring)

@: no status effects
A: no striking features
a: Renounce Religion, Evoke Flight


You were on level 5 of the Dungeon.
You worshipped Sif Muna.
Sif Muna was noncommittal.
You were hungry.

You visited 2 branches of the dungeon, and saw 6 of its levels.

You collected 237 gold pieces.

Inventory:

Hand Weapons
 H - a +1 dagger of draining (weapon)
Missiles
 q - 31 poisoned needles
Armour
 a - a +0 robe (worn)
Magical Staves
 C - an uncursed staff of earth
Jewellery
 f - a +5 ring of dexterity {unknown}
 n - a ring of flight (right hand)
Wands
 B - a wand of digging (8/24)
Scrolls
 e - a scroll of enchant weapon
 g - a scroll of recharging {unknown}
 i - 2 scrolls of remove curse
 m - 6 scrolls of identify {unknown}
 r - 3 scrolls of teleportation {unknown}
 t - a scroll of random uselessness {unknown}
 y - a scroll of enchant armour {unknown}
 z - a scroll of magic mapping {unknown}
 A - a scroll of noise {unknown}
 E - a scroll of fear {unknown}
Potions
 h - 2 potions of agility {unknown}
 j - a potion of berserk rage {unknown}
 k - a potion of lignification {unknown}
 o - a potion of brilliance {unknown}
 p - 4 potions of heal wounds {unknown}
 s - 2 potions of flight {unknown}
 u - a potion of mutation {unknown}
 v - a potion of degeneration {unknown}
 x - 4 potions of haste {unknown}
 D - a potion of cancellation {unknown}
Books
 b - a book of Callings

   Spells                             Type                      Level
   a - Summon Small Mammal            Summoning                    1
   b - Call Imp                       Summoning                    2
   c - Call Canine Familiar           Summoning                    3
   d - Summon Guardian Golem          Hexes/Summoning              3
   e - Summon Lightning Spire         Summoning/Air                4
   f - Summon Ice Beast               Ice/Summoning                4
 w - a book of Necromancy

   Spells                             Type                      Level
   a - Pain                           Necromancy                   1
   b - Animate Skeleton               Necromancy                   1
   c - Vampiric Draining              Necromancy                   3
   d - Regeneration                   Charms/Necromancy            3
   e - Animate Dead                   Necromancy                   4
   f - Control Undead                 Necromancy                   4
 F - a book of Misfortune

   Spells                             Type                      Level
   a - Confusing Touch                Hexes                        1
   b - Confuse                        Hexes                        3
   c - Gell's Gravitas                Hexes/Translocation          3
   d - Petrify                        Transmutation/Earth          4
   e - Metabolic Englaciation         Hexes/Ice                    5
   f - Yara's Violent Unravelling     Hexes/Transmutation          5
Comestibles
 c - 6 bread rations
 d - a meat ration
 l - a beef jerky


   Skills:
 - Level 2.4 Dodging
 - Level 2.4 Stealth
 + Level 5.9 Spellcasting
 * Level 7.4 Summonings
 + Level 1.6 Air Magic


You had 6 spell levels left.
You knew the following spells:

 Your Spells              Type           Power        Failure   Level  Hunger
a - Summon Small Mammal   Summ           ####         1%          1    None
b - Call Imp              Summ           #####...     1%          2    None
c - Call Canine Familiar  Summ           #####...     1%          3    #......
d - Summon Lightning Spi  Summ/Air       ####....     14%         4    ###....


Dungeon Overview and Level Annotations

Branches:
Dungeon (5/15)             Temple (1/1) D:4

Altars:
Cheibriados
Dithmenos
Gozag
Kikubaaqudgha
Nemelex Xobeh
Okawaru
Qazlal
Ru
Sif Muna
Trog
Xom
Yredelemnul
Zin

Shops:
D:4 *


Message History

Casting: Summon Small Mammal
Confirm with . or Enter, or press ? or * to list all spells.
The centaur wields an uncursed shortbow.
The centaur shoots an arrow.
The arrow completely misses your hound. The arrow hits you but does no damage.
The centaur shoots an arrow.
The arrow hits your hound!
Your hound dies!
Your hound's corpse disappears in a puff of smoke!
Casting: Summon Small Mammal
Confirm with . or Enter, or press ? or * to list all spells.
The centaur shoots an arrow.
The arrow barely misses your quokka. The arrow hits you!
Your quokka bites the centaur.
The centaur shoots an arrow.
The arrow hits your quokka.
Your quokka dies!
Your quokka's corpse disappears in a puff of smoke!
The centaur shoots an arrow.
The arrow hits you.
* * * LOW HITPOINT WARNING * * *
You swap places.
The centaur shoots an arrow.
The arrow closely misses your quokka. The arrow hits you!
You die...

####### #......# #######
#......# ......# #......#
......# #......# ....... #.
###......# ../....
#.####........####.......
#.............rrc..>..........
#.#.#........@.5..............
##............#################
#.#.#.#.......# ##.§§§§...§.§§§
#.......+###### ##§############
#..#.#......... .#.....§§.§§§§§
#.....######### .##############
##.#### #.#.......<# #.#
#......#.# #.###########
#..)...#.#


You could see a centaur, a friendly iron imp and 2 friendly quokkas.

Vanquished Creatures
  An orc (D:3)
  A rat (D:2)
2 creatures vanquished.

Vanquished Creatures (collateral kills)
  2 ogres (D:4)
  A centaur (D:4)
  A howler monkey (D:4)
  A bullfrog skeleton (D:4)
  4 orc priests (D:4)
  2 orc wizards (D:4)
  2 hounds (D:4)
  An iguana (D:4)
  A worker ant (D:4)
  2 hound skeletons (D:4)
  A hound zombie (D:4)
  3 adders
  An adder skeleton (D:4)
  8 worms
  5 dart slugs
  4 leopard geckos
  8 orcs
  2 ball pythons
  3 giant cockroaches
  9 goblins
  14 hobgoblins
  12 jackals
  2 quokkas (D:3)
  A ball python skeleton (D:4)
  9 bats
  10 frilled lizards
  13 kobolds
  A quokka skeleton (D:4)
  9 rats
132 creatures vanquished.

Vanquished Creatures (others)
  11 plants (D:4)
11 creatures vanquished.

Grand Total: 145 creatures vanquished

Notes
Turn   | Place    | Note
-------+----------+-------------------------------------------
     0 | D:1      | Naow the Deep Elf Summoner began the quest for the Orb.
     0 | D:1      | Reached XP level 1. HP: 10/10 MP: 6/6
   303 | D:1      | Reached XP level 2. HP: 15/15 MP: 5/8
   876 | D:1      | Reached skill level 5 in Summonings
  1428 | D:2      | Reached XP level 3. HP: 15/19 MP: 6/10
  1498 | D:2      | Learned a level 2 spell: Call Imp
  1502 | D:2      | Learned a level 3 spell: Call Canine Familiar
  1548 | D:2      | Found a faded altar of an unknown god.
  1937 | D:2      | Found a sacrificial altar of Ru.
  2024 | D:2      | Found an ancient bone altar of Kikubaaqudgha.
  2319 | D:2      | Reached XP level 4. HP: 23/24 MP: 2/12
  4313 | D:4      | Reached skill level 6 in Summonings
  4346 | D:4      | Reached XP level 5. HP: 9/28 MP: 2/14
  4669 | D:4      | Noticed an ogre
  4985 | D:4      | Reached skill level 5 in Spellcasting
  5227 | D:4      | Killed an ogre
  5227 | D:4      | Reached skill level 7 in Summonings
  5227 | D:4      | Reached XP level 6. HP: 32/32 MP: 4/16
  5237 | D:4      | Learned a level 4 spell: Summon Lightning Spire
  5705 | D:4      | Reached skill level 1 in Air Magic
  6246 | D:4      | Found Zin's Purification Station.
  6247 | D:4      | Found a glowing silver altar of Zin.
  6418 | D:4      | Found a staircase to the Ecumenical Temple.
  6469 | Temple   | Entered the Ecumenical Temple
  6570 | Temple   | Became a worshipper of Sif Muna the Loreminder
  6748 | D:5      | Entered Level 5 of the Dungeon
  6829 | D:5      | Shot with an arrow by a centaur

Skill      XL: |  1  2  3  4  5  6 |
---------------+-------------------+-----
Summonings     | 5 6 7 |  7.4
Spellcasting   | 4 5 |  5.9
Air Magic      | 1 |  1.6
Dodging        | |  2.4
Stealth        | |  2.4

Action                   |  1- 3 |  4- 6 || total
-------------------------+-------+-------++-------
Melee: Unarmed           |    12 |    13 ||    25
 Cast: Summon Small Mamm |    70 |    84 ||   154
       Call Imp          |     6 |    39 ||    45
       Call Canine Famil |     6 |    22 ||    28
  Use: Scroll            |       |     3 ||     3
 Stab: Sleeping          |     1 |       ||     1
  Eat: Chunk             |     4 |     8 ||    12
       Meat ration       |       |     1 ||     1
       Beef jerky        |       |     1 ||     1
Armor: Robe              |    30 |     3 ||    33
Dodge: Dodged            |   103 |    62 ||   165
